 Dungeon Crawl Stone Soup version 0.30-a0-879-ga8ba668304 (webtiles) character file.

Game seed: 10650320585716606114

65 M4edhros the Ducker (level 4, -6/29 (30) HPs)
             Began as an Octopode Artificer on Mar 13, 2023.
             Mangled by a hell rat (17 damage)
             ... in a sewer.
             The game lasted 00:01:48 (1222 turns).

M4edhros the Ducker (Octopode Artificer)            Turns: 1222, Time: 00:01:49

HP:   -6/29 (30)    AC:  1    Str: 11    XL:     4   Next: 13%
MP:   4/4           EV: 13    Int: 13    God:
Gold: 135           SH:  3    Dex: 14    Spells: 3/3 levels left

rFire   . . .      SeeInvis +    (no weapon)
rCold   . . .      Faith    .    l - +0 buckler
rNeg    . . .      Spirit   .    (helmet restricted)
rPois   .          Reflect  .    (no amulet)
rElec   .          Rampage  .    f - ring of see invisible
rCorr   .                        (no ring)
Will    .....                    (no ring)
Stlth   ++++                     (no ring)
HPRegen 0.24/turn                (no ring)
MPRegen 0.09/turn                (no ring)
                                 (no ring)
                                 (no ring)

@: lightly drained
A: almost no armour, amphibious, 8 rings, camouflage 1, gelatinous body 1,
nimble swimmer 1, tentacles
a: no special abilities


You were in a sewer.
You visited 1 branch of the dungeon, and saw 3 of its levels.
You also visited: Sewer.

You collected 135 gold pieces.

Inventory:

Missiles
 h - a throwing net
Armour
 j - an orb of guile
 l - a +0 buckler (worn)
Jewellery
 f - a ring of see invisible (left tentacle)
Wands
 b - a wand of flame (15) (quivered)
 c - a wand of charming (15)
 d - a wand of iceblast (5)
Scrolls
 a - 2 scrolls of identify {unknown}
 g - a scroll of magic mapping {unknown}
 m - a scroll of enchant weapon {unknown}
Potions
 e - a potion of berserk rage {unknown}
 i - a potion of might {unknown}
 k - a potion of curing {unknown}


   Skills:
 + Level 2.7 Fighting
 + Level 3.5 Dodging
 - Level 1.3 Stealth
 - Level 3.2 Evocations


You had 3 spell levels left.
You didn't know any spells.
Your spell library contained the following spells:

 Spells                   Type           Power      Damage    Failure   Level
 Blink                    Tloc           0%         N/A       54%         2
 Lesser Beckoning         Tloc           0%         N/A       54%         2
 Momentum Strike          Conj/Tloc      0%         3d8       54%         2


Dungeon Overview and Level Annotations

Branches:
Dungeon (3/15)              Sewer (1/1)

Altars:


Innate Abilities, Weirdness & Mutations

You cannot wear most types of armour.
You are amphibious.
You can wear up to eight rings at the same time.
Your skin changes colour to match your surroundings (Stealth+).
Your rubbery body absorbs attacks. (AC +1, EV +1)
You are camouflaged when in or above water. (Stealth+)
You have tentacles for arms and can constrict up to eight enemies at once.


Message History

You enter the shallow water.
You enter the shallow water.
You see here a river rat corpse.
You open the door.
A hell rat comes into view.
Found four items.
Found a gate leading back out of this place.
Found a scroll labelled QYALUETYFO, a puce potion and a clear potion.
There is an open door here.
A hell rat is nearby!
You enter the shallow water.
The hell rat roars deafeningly!
A hell rat is nearby!
You tentacle-slap the hell rat but do no damage.
Your grab misses the hell rat.
You squeeze the hell rat, but do no damage.
The hell rat barely misses you.
A hell rat is nearby!
You tentacle-slap the hell rat. Your grab misses the hell rat.
The hell rat is lightly wounded.
The hell rat misses you.
You tentacle-slap the hell rat but do no damage.
Your grab misses the hell rat.
The hell rat is lightly wounded.
The hell rat closely misses you.
You barely miss the hell rat. You grab the hell rat. You squeeze the hell rat.
The hell rat is heavily wounded.
You constrict the hell rat, but do no damage.
The hell rat completely misses you. You block the hell rat's attack.
You tentacle-slap the hell rat but do no damage.
The hell rat is heavily wounded.
You constrict the hell rat, but do no damage.
The hell rat bites you!
You feel drained.
Unknown command.
You barely miss the hell rat. You squeeze the hell rat.
The hell rat is severely wounded.
You constrict the hell rat, but do no damage.
The hell rat bites you!
Ouch! That really hurt!
You die...

###.~.###
#~....~~#
##...~~~~##
#...###.~.#
##.~##~##~.##
#~.~#~~~#~~.#
#~.##~~!##~.#
#††#.~~?!#~~#
#~~'@r~?∩#∩∩#
#.†#~~~!!#..#
#~.##~.?##~~#
#~~.#~~.#~~~#
##~~##~##~~##
#~.~###...#
##~.~.~.†##
#~~~.~.†#
###~.~###


You could see a hell rat.

Vanquished Creatures
  2 river rats (Sewer)
  A worm (D:2)
  3 dart slugs
  2 endoplasms (D:1)
  2 giant cockroaches (D:1)
  5 goblins
  A hobgoblin (D:1)
  A quokka (D:1)
  7 ball pythons
  3 bats
  2 frilled lizards
  4 kobolds
  9 rats
42 creatures vanquished.

Notes
Turn   | Place    | Note
-------+----------+-------------------------------------------
     0 | D:1      | M4edhros the Octopode Artificer began the quest for the
                  | Orb.
     0 | D:1      | Reached XP level 1. HP: 13/13 MP: 1/1
   182 | D:1      | Reached XP level 2. HP: 18/18 MP: 2/2
   545 | D:2      | Reached XP level 3. HP: 24/24 MP: 3/3
   750 | D:2      | Found a faded altar of an unknown god.
  1138 | D:3      | Found a glowing drain.
  1148 | Sewer    | Entered a sewer
  1185 | Sewer    | Reached XP level 4. HP: 27/30 MP: 4/4
  1222 | Sewer    | Mangled by a hell rat

Illustrated notes

Levels and vault maps discovered:
D:1:      wander_arrival_fairy_ring, layout_loops_ring, minmay_tromino_i2
D:2:      layout_loops_ring, chequers_ecumenical_altar_simple_redux
D:3:      layout_basic, mainiacjoe_overflow_catwalk,
          cheibrodos_sewer_entry_sluice
Sewer:    sewer_hellmonk_bad_rat

Skill      XL: |  1  2 |
---------------+-------+-----
Fighting       | 2 |  2.7
Dodging        | 3 |  3.5
Stealth        | |  1.3
Evocations     | |  3.2

Action                     |  1- 3 |  4- 6 || total
---------------------------+-------+-------++-------
  Melee: Unarmed           |    96 |     8 ||   104
         Club              |     4 |       ||     4
         Constrict         |    29 |     3 ||    32
         Tentacles         |    22 |     5 ||    27
         Punch             |     2 |       ||     2
   Stab: Sleeping          |    12 |       ||    12
 Armour: Skin              |     9 |       ||     9
  Dodge: Dodged            |    65 |     4 ||    69
  Block: Buckler           |     2 |     1 ||     3

Table legend: (Time is in decaauts)
 A = Elapsed time spent in this place.
 B = Non-inter-level travel time spent in this place.
 C = Inter-level travel time spent in this place.
 D = Time resting spent in this place.
 E = Time spent auto-exploring this place.
 F = Levels seen in this place.
 G = Mean time per level.
                   A        B        C        D        E       F      G
               +--------+--------+--------+--------+--------+-----+--------+
         Total |   1223 |   1206 |     17 |      0 |    842 |   4 |  305.8 |
       Dungeon |   1148 |   1131 |     17 |      0 |    818 |   3 |  382.7 |
         Sewer |     75 |     75 |      0 |      0 |     24 |   1 |   75.0 |
               +--------+--------+--------+--------+--------+-----+--------+

Top non-repeatable levels by time:
     D:2: 624 daAuts
     D:1: 469 daAuts
   Sewer: 75 daAuts
     D:3: 54 daAuts
